AoeStats
← Solace.

Yucatan

510780253Analyzed
3v3 RM · 23h ago on Oct 2, 2026· 51m 7s· 6 players
Game mode
Random Map
Map size
Normal (6 player)
Population
200
Speed
Normal
Resources
Standard
Victory
Conquest
Starting age
Dark Age
Ending age
Imperial Age
RankedLock teamsTeams togetherTeam positionsShared explorationLock speedFull tech treeHidden civsTurbo modeCheats
Victory
Defeat
🇨🇳 Britons · China
964
+17
🇨🇳 Wei · China
932
+18
885
+20
🇩🇪 Britons · Germany
1012
-19
🇨🇴 Portuguese · Colombia
976
-18
🇦🇷 Cumans · Argentina
966
-18
crepysa
7:36 Loom
10:38 Feudal Age
11:26 Double-Bit Axe
13:23 Forging
14:53 Scale Barding Armor
15:11 Horse Collar
17:08 Fletching
31:49 Castle Age
30:36 Padded Archer Armor
30:38 Town Watch
32:06 Wheelbarrow
32:12 Bloodlines
36:49 Bow Saw
39:25 Light Cavalry
41:14 Capped Ram
43:38 Hand Cart
43:50 Heavy Plow
Tutmosis
11:29 Feudal Age
13:16 Double-Bit Axe
15:46 Castle Age
14:22 Gold Mining
16:24 Wheelbarrow
15:36 Horse Collar
18:12 Hand Cart
23:10 Bow Saw
23:17 Heavy Plow
34:44 Pikeman
38:09 Scale Mail Armor
38:20 Forging
45:20 Fletching
45:46 Chain Mail Armor
48:09 Iron Casting
47:33 Bodkin Arrow
51:42 Imperial Age
49:00 Town Watch
Otter
5:43 Loom
11:06 Feudal Age
13:31 Double-Bit Axe
13:43 Horse Collar
16:03 Gold Mining
19:42 Castle Age
19:20 Scale Mail Armor
20:02 Elite Skirmisher
21:00 Town Watch
21:56 Wheelbarrow
20:55 Pikeman
23:35 Heavy Plow
27:49 Hand Cart
32:39 Stone Mining
34:15 Gold Shaft Mining
34:56 Padded Archer Armor
36:19 Bow Saw
38:35 Ballistics
39:40 Chain Mail Armor
42:30 Imperial Age
41:01 Chain Mail Armor
40:48 Padded Archer Armor
40:54 Murder Holes
41:22 Fletching
42:27 Yeomen
42:00 Fletching
42:29 Masonry
42:32 Squires
42:18 Arson
42:31 Bodkin Arrow
42:46 Forging
44:22 Warwolf
44:39 Leather Archer Armor
46:22 Chemistry
46:22 Plate Mail Armor
Solace.
6:50 Loom
9:12 Feudal Age
12:31 Double-Bit Axe
18:20 Arson
27:45 Castle Age
28:06 Crossbowman
29:20 Fletching
29:23 Horse Collar
31:52 Bodkin Arrow
35:22 Wheelbarrow
38:32 Pikeman
38:58 Gambesons
43:30 Squires
44:19 Padded Archer Armor
50:26 Imperial Age
51:43 Ballistics
52:24 Chemistry
413401132
8:17 Loom
10:30 Feudal Age
11:22 Double-Bit Axe
11:49 Horse Collar
15:10 Gold Mining
16:02 Stone Mining
17:39 Wheelbarrow
19:11 Castle Age
20:07 Bow Saw
20:35 Gold Shaft Mining
20:37 Stone Shaft Mining
22:39 Scale Barding Armor
24:29 Wheelbarrow
24:38 Bloodlines
25:45 Husbandry
28:32 Forging
29:50 Hand Cart
32:46 Chain Barding Armor
33:02 Iron Casting
36:12 Imperial Age
37:20 Heavy Hei Guang Cavalry
40:24 Caravan
42:50 Conscription
44:15 Ming Guang Armor
46:16 Blast Furnace
44:48 Elite Tiger Cavalry
46:37 Tuntian
理塘最強伝説丁真一郎
10:04 Feudal Age
10:32 Double-Bit Axe
11:09 Horse Collar
12:38 Loom
13:33 Town Watch
15:40 Gold Mining
16:47 Wheelbarrow
16:43 Arson
16:20 Man-at-Arms
17:55 Long Swordsman
19:06 Scale Mail Armor
19:16 Forging
33:49 Castle Age
39:04 Castle Age
39:15 Two-Handed Swordsman
39:45 Gambesons
40:03 Squires
40:51 Hand Cart
45:01 Chain Mail Armor
46:04 Iron Casting
47:15 Gold Shaft Mining
48:23 Champion
Connection lost

Rejoining the realm…

Still unreachable

The connection could not be restored.

Session expired

The server has moved on; the page needs a fresh start.